 Dungeon Crawl Stone Soup version 0.21-a0-426-g98080a9 (webtiles) character file.

282 karf the Shield-Bearer (level 6, -2/48 HPs)
             Began as a Formicid Fighter on Nov 5, 2017.
             Slain by an orc priest
             ... wielding a +0 hand axe
              (4 damage)
             ... on level 3 of the Dungeon.
             The game lasted 00:04:41 (1948 turns).

karf the Shield-Bearer (Formicid Fighter)           Turns: 1948, Time: 00:04:42

Health: -2/48      AC:  7    Str: 22    XL:     6   Next: 54%
Magic:  6/6        EV:  8    Int:  8    God:
Gold:   112        SH: 10    Dex: 10    Spells: 5/5 levels left

rFire    . . .     SeeInvis +   a - +0 quarterstaff
rCold    . . .     Gourm    .   c - +0 shield
rNeg     . . .     Faith    .   b - +0 scale mail
rPois    .         Spirit   .   (helmet unavailable)
rElec    .         Reflect  .   (no cloak)
rCorr    .         Harm     .   (no gloves)
MR       .....                  (no boots)
Stlth    ..........             (no amulet)
HPRegen  0.16/turn              (no ring)
MPRegen  0.10/turn              (no ring)

@: no status effects
A: permanent stasis, dig shafts and tunnels, four strong arms, antennae 3
a: Dig, Shaft Self


You were on level 3 of the Dungeon.
You were not hungry.

You visited 1 branch of the dungeon, and saw 3 of its levels.

You collected 112 gold pieces.

Inventory:

Hand Weapons
 a - a +0 quarterstaff (weapon)
Armour
 b - a +0 scale mail (worn)
 c - a +0 shield (worn)
Scrolls
 d - a scroll of magic mapping {unknown}
 g - a scroll of recharging {unknown}
 i - 5 scrolls of teleportation {unknown}
 j - a scroll of enchant weapon {unknown}
 k - a scroll of identify {unknown}
 l - a scroll of remove curse {unknown}
 m - a scroll of blinking {unknown}
Potions
 e - a potion of degeneration {unknown}
 o - a potion of invisibility {unknown}
 q - a potion of haste {unknown}
Comestibles
 f - 2 bread rations
 h - 2 royal jellies
 n - 3 fruits
 r - a meat ration


   Skills:
 + Level 4.2 Fighting
 * Level 4.0 Staves
 + Level 4.2 Armour
 * Level 5.5 Shields


You had 5 spell levels left.
You didn't know any spells.

Dungeon Overview and Level Annotations

Branches:
Dungeon (3/15)

Altars:
Sif Muna


Innate Abilities, Weirdness & Mutations

You cannot be hasted, slowed, berserked, paralysed or teleported.
You can dig through walls and to a lower floor.
Your four strong arms can wield two-handed weapons with a shield.
You have a pair of large antennae on your head. (SInv)


Message History

* * * LOW HITPOINT WARNING * * *
The orc wizard barely misses you.
You closely miss the orc wizard.
The orc wizard is severely wounded.
You block the orc wizard's attack.
You closely miss the orc wizard.
The orc wizard is severely wounded.
The orc wizard hits you but does no damage.
You hit the orc wizard.
You kill the orc wizard!
Your Staves skill increases to level 4!
The orc priest calls down the wrath of Beogh upon you.
Beogh smites you!
* * * LOW HITPOINT WARNING * * *
The orc priest hits you but does no damage.
Things that are here:
a mace; a robe You barely miss the orc priest.
The orc priest hits you with a hand axe.
You die...

#.....).......#.###(...
#.###........###.##.... #.#
#.####....#..##.... #.# #.#
#.##..#....... #. #.# #.#
#.##.##......> #. #.# #)##
#...........#. #.# #.# #..#
#.##.##....### ##.###.####.#
#.##......##
#.........#@###.......##.##
#...[÷##.#.o.########.###.#.
#......)###...# #......#
#.....##.#....# #..####.
#.....###.#.#[#######.......
#...### #.#........().......
#.#†## #.##################
#.#..# .# #.##.### ..


You could see an orc priest.

Vanquished Creatures
  The ghost of splatterpode the Chopper, an amateur OpCK of Xom (D:3)
  An orc wizard (D:3)
  A worker ant (D:3)
  5 adders
  3 worms
  2 leopard geckos
  3 orcs (D:3)
  9 bats
  A giant cockroach (D:2)
  6 goblins
  6 hobgoblins
  9 kobolds
  2 quokkas (D:2)
  A ball python (D:2)
  2 frilled lizards
  5 rats
57 creatures vanquished.

Notes
Turn   | Place    | Note
-------+----------+-------------------------------------------
     0 | D:1      | karf the Formicid Fighter began the quest for the Orb.
     0 | D:1      | Reached XP level 1. HP: 18/18 MP: 1/1
   280 | D:1      | Reached XP level 2. HP: 24/24 MP: 2/2
   742 | D:2      | Reached skill level 4 in Shields
   790 | D:2      | Reached XP level 3. HP: 28/29 MP: 3/3
   822 | D:2      | Found a deep blue altar of Sif Muna.
  1117 | D:2      | Reached XP level 4. HP: 36/37 MP: 4/4
  1580 | D:3      | Reached XP level 5. HP: 41/42 MP: 5/5
  1587 | D:3      | Noticed splatterpode's ghost (amateur OpCK)
  1596 | D:3      | Killed splatterpode's ghost
  1596 | D:3      | Reached skill level 5 in Shields
  1596 | D:3      | Reached XP level 6. HP: 25/48 MP: 4/6
  1946 | D:3      | HP: 2/48 [orc priest/divine providence (12)]
  1948 | D:3      | Slain by an orc priest

Vault maps used:
D:1:      dpeg_arrival_solitude, minmay_stone_trees_small, feat_on_display
D:2:      nicolae_overflow_hidden_temple
D:3:      grunt_temple_overflow_gold_and_silver, uniq_sigmund, uniq_terence

Skill      XL: |  1  2  3  4  5  6 |
---------------+-------------------+-----
Shields        | 4 5 |  5.5
Staves         | 3 4 |  4.0
Fighting       | 4 |  4.2
Armour         | 4 |  4.2

Action                   |  1- 3 |  4- 6 || total
-------------------------+-------+-------++-------
Melee: Quarterstaff      |   116 |   119 ||   235
  Use: Potion            |       |     3 ||     3
  Eat: Chunk             |     1 |     3 ||     4
Armor: Scale mail        |    43 |    46 ||    89
Dodge: Dodged            |    37 |    41 ||    78
Block: Shield            |    81 |    70 ||   151

Table legend:
 A = Spawn XP
 B = Non-spawn XP
 C = Spawn XP percentage of total XP
 D = Spawn monster count
 E = Non-spawn monster count
 F = Spawn count percentage of total count
 G = Total turns spent on level
                    A         B        C        D         E        F      G
               +---------+---------+-------+---------+---------+-------+---------
         Total |       0 |     404 |   0.0 |       0 |      57 |   0.0 |  1948
               +---------+---------+-------+---------+---------+-------+---------
           D:1 |       0 |      21 |   0.0 |       0 |      14 |   0.0 |   739
           D:2 |       0 |      86 |   0.0 |       0 |      25 |   0.0 |   761
           D:3 |       0 |     297 |   0.0 |       0 |      18 |   0.0 |   448
               +---------+---------+-------+---------+---------+-------+---------
